 Dungeon Crawl Stone Soup version 0.31.0-4-g52a2dc7128 (webtiles) character file.

Game seed: 14196372973321632381

2 Lungfish the Ruffian (level 1, -2/15 HPs)
             Began as a Demonspawn Shapeshifter on Jan 23, 2024.
             Slain by a kobold
             ... wielding a +0 short sword
              (4 damage)
             ... on level 1 of the Dungeon.
             The game lasted 00:02:19 (114 turns).

Lungfish the Ruffian (Demonspawn Shapeshifter)       Turns: 114, Time: 00:02:20

Health: -2/15      AC:  2    Str: 14    XL:     1   Next: 25%
Magic:  1/1        EV: 12    Int: 10    God:
Gold:   0          SH:  0    Dex: 12    Spells: 0/0 levels left

rFire   . .          .
                       - Unarmed
rCold   . . .        (no shield)
rNeg    . . .        a - +0 animal skin
rPois   .            (helmet currently unavailable)
rElec   .            (cloak currently unavailable)
rCorr   .            (gloves currently unavailable)
SInv    .            (boots currently unavailable)
Will    .....        (no amulet)
Stlth   +            (no ring)
HPRegen 0.22/turn    (no ring)
MPRegen 0.07/turn

%: no passive effects
@: beast-form
A: beast (slay +1)
a: Begin Untransformation


You were on level 1 of the Dungeon.
You were a hulking beast.
You visited 1 branch of the dungeon, and saw 1 of its levels.

Inventory:

Armour
 a - a +0 animal skin (worn)
Talismans
 c - a beast talisman (active)
 d - a flux talisman
Potions
 b - a potion of lignification


   Skills:
 - Level 1.0 Fighting
 - Level 1.7 Dodging
 * Level 2.8 Unarmed Combat
 + Level 2.7 Shapeshifting


You couldn't memorise any spells.
You didn't know any spells.
Your spell library was empty.

Dungeon Overview and Level Annotations

Branches:
Dungeon (1/15)

Altars:


Message History

You see here a +0 club.
Found a faded altar of an unknown god.
Found a yellow potion and 4 stones.
An endoplasm comes into view.
Found a fizzy clear potion.
A frilled lizard comes into view.
The frilled lizard hisses angrily.
A kobold comes into view. It is wielding a +0 short sword.
A bat comes into view.
Found a stone staircase leading down.
The frilled lizard bites you. The endoplasm freezes you.
You are frozen.
You miss the frilled lizard. The frilled lizard bites you.
The endoplasm barely misses you.
You miss the frilled lizard. The frilled lizard bites you.
The endoplasm hits you.
You hit the frilled lizard.
You kill the frilled lizard!
The endoplasm freezes you.
You are frozen.
The bat misses you. The endoplasm freezes you.
You are frozen.
You see here a frilled lizard corpse.
You barely miss the kobold. The bat closely misses you.
The kobold hits you but does no damage. The endoplasm freezes you.
You are frozen.
You barely miss the kobold. The kobold closely misses you.
The endoplasm closely misses you.
You closely miss the kobold. You punch the kobold.
The kobold is severely wounded.
The bat hits you.
* * * LOW HITPOINT WARNING * * *
The kobold hits you but does no damage. The endoplasm hits you.
* * * LOW HITPOINT WARNING * * *
You hit the kobold but do no damage.
The kobold is severely wounded.
The kobold hits you with a +0 short sword.
You die...

# # ..........#### #
#.(..............# #
#..............#.# #
#................# #
#....♣....!.....>. #
#..............# ##
#..!P.♣P♣.JK...# .#
#..♣P._P♣bh....#
.########...............
..).........♣...........
###.....................
#.....................
#.....................
#............###......
#.............. ....##
#.............. ...


You could see an endoplasm, a bat and a kobold.

Vanquished Creatures
  A goblin (D:1)
  A frilled lizard (D:1)
2 creatures vanquished.

Notes
Turn   | Place    | Note
-------+----------+-------------------------------------------
     0 | D:1      | Lungfish the Demonspawn Shapeshifter began the quest for
                  | the Orb.
     0 | D:1      | Reached XP level 1. HP: 15/15 MP: 1/1
    96 | D:1      | Found a faded altar of an unknown god.
   114 | D:1      | Slain by a kobold

Illustrated notes

Levels and vault maps discovered:
D:1:      minmay_arrival_four_loops, layout_basic,
          ebering_ecumenical_altar_petrified, serial_shops,
          nicolae_shop_tiny_real_fake_doors, ebering_dispersal_statue_hall

Action                     || total
---------------------------++-------
  Melee: Unarmed           ||    11
         Punch             ||     1
Ability: Begin Untransform ||     2
 Armour: Animal skin       ||     9
         Skin              ||     1
  Dodge: Dodged            ||     7
   Form: Beast             ||     1
         Flux              ||     1
